 Dungeon Crawl Stone Soup version 0.22-a0-785-g6253c82ace (webtiles) character file.

45210 Holzbalken the Bludgeoner (level 14, -5/78 HPs)
             Began as a Gargoyle Monk on July 20, 2018.
             Was the Champion of Nemelex Xobeh.
             Slain by a wyvern (6 damage)
             ... summoned by the player character
             ... on level 1 of the Orcish Mines.
             The game lasted 01:54:11 (23146 turns).

Holzbalken the Bludgeoner (Gargoyle Monk)          Turns: 23146, Time: 01:54:12

Health: -5/78      AC: 34    Str: 18    XL:     14   Next: 32%
Magic:  23/23      EV:  7    Int: 13    God:    Nemelex Xobeh [******]
Gold:   1726       SH:  6    Dex: 12    Spells: 13/13 levels left

rFire    + . .     SeeInvis .   z - +3 morningstar (drain)
rCold    . . .     Gourm    .   P - +2 buckler
rNeg     + . .     Faith    .   k - +3 plate armour
rPois    ∞         Spirit   .   K - +0 helmet
rElec    +         Reflect  .   y - +0 cloak
rCorr    .         Harm     .   (no gloves)
MR       ++...                  O - +0 pair of boots
Stlth    ..........             E - amulet of magic regeneration
HPRegen  0.23/turn              B - ring of protection from magic
MPRegen  0.43/turn              R - ring of protection from fire

@: drained
A: big wings, negative energy resistance 1, electricity resistance, unbreathing,
petrification resistance, rot immunity, AC +10
a: Fly, Triple Draw, Deal Four, Stack Five, Renounce Religion


You were on level 1 of the Orcish Mines.
You worshipped Nemelex Xobeh.
Nemelex Xobeh was exalted by your worship.
You were not hungry.

You visited 4 branches of the dungeon, and saw 19 of its levels.
You also visited: Ossuary and Volcano.

You collected 1726 gold pieces.

Inventory:

Hand Weapons
 z - a +3 morningstar of draining (weapon)
Armour
 k - a +3 plate armour (worn)
 y - a +0 cloak (worn)
 K - a +0 helmet (worn)
 O - a +0 pair of boots (worn)
 P - a +2 buckler (worn)
Jewellery
 B - a ring of protection from magic (left hand)
 E - an amulet of magic regeneration (around neck)
 Q - an uncursed ring of ice
 R - a ring of protection from fire (right hand)
Wands
 r - a wand of paralysis (11)
 A - a wand of polymorph (10)
 I - a wand of flame (74)
 T - a wand of disintegration (12)
 U - a wand of acid (15)
Scrolls
 e - 18 scrolls of remove curse
 h - 4 scrolls of fear
 i - 3 scrolls of enchant weapon
 m - 11 scrolls of identify
 q - 8 scrolls of teleportation
 x - a scroll of fog {unknown}
 C - 2 scrolls of immolation
 F - a scroll of brand weapon
 Y - a scroll of blinking
Potions
 a - a potion of lignification {unknown}
 g - 3 potions of curing
 j - 2 potions of magic
 l - 2 potions of berserk rage {unknown}
 n - 3 potions of might
 o - 2 potions of flight
 p - 2 potions of agility {unknown}
 t - a potion of resistance
 u - 3 potions of haste
 D - a potion of brilliance
 G - 5 potions of mutation
 S - a potion of cancellation {unknown}
Miscellaneous
 b - a plain deck of escape
 d - a legendary deck of destruction {drawn: 3}
 f - an ornate deck of summoning
 s - an ornate deck of summoning
 w - a legendary deck of destruction
 H - a legendary deck of escape {drawn: 1}
 J - an ornate deck of summoning {drawn: 4}
 L - an ornate deck of destruction
 M - a plain deck of destruction {drawn: 10}
 N - a legendary deck of summoning {drawn: 2}
 W - a lamp of fire (inert)
 X - an ornate deck of escape
 Z - a plain deck of escape
Comestibles
 c - 26 rations


   Skills:
 * Level 5.0(4.4) Fighting
 - Level 16.0(15.3) Maces & Flails
 + Level 14.2(13.5) Armour
 - Level 2.4(1.9) Dodging
 - Level 2.1(1.6) Stealth
 - Level 4.0(3.4) Shields
 - Level 12.0(11.4) Invocations


You had 13 spell levels left.
You didn't know any spells.
Your spell library contained the following spells:

 Spells                   Type           Power        Failure   Level  Hunger
 Magic Dart               Conj           #...         99%         1    ##.....
 Conjure Flame            Conj/Fire      #.......     100%        3    ####...
 Slow                     Hex            #.......     100%        2    ###....
 Confuse                  Hex            #.......     100%        3    ####...
 Freezing Cloud           Conj/Ice/Air   #.........   100%        6    #######
 Mephitic Cloud           Conj/Pois/Air  #.......     100%        3    ####...
 Ring of Flames           Chrm/Fire      #.........   100%        7    #######
 Blink                    Tloc           N/A          100%        2    ###....
 Animate Dead             Necr           N/A          100%        4    #####..
 Pain                     Necr           #...         99%         1    ##.....
 Animate Skeleton         Necr           N/A          99%         1    ##.....
 Vampiric Draining        Necr           #.........   100%        3    ####...
 Call Imp                 Summ           #.......     100%        2    ###....
 Regeneration             Chrm/Necr      #.........   100%        3    ####...
 Tukima's Dance           Hex            #.......     100%        3    ####...
 Spider Form              Tmut/Pois      #.........   100%        3    ####...
 Blade Hands              Tmut           #.........   100%        5    ######.
 Ice Form                 Ice/Tmut       #.......     100%        4    #####..
 Sticks to Snakes         Tmut           #.......     100%        2    ###....
 Ensorcelled Hibernation  Hex/Ice        #.....       100%        2    ###....
 Corona                   Hex            #......      99%         1    ##.....
 Beastly Appendage        Tmut           #.....       99%         1    ##.....
 Dazzling Spray           Conj/Hex       #.....       100%        3    ####...
 Poisonous Vapours        Pois/Air       #.....       100%        2    ###....


Dungeon Overview and Level Annotations

Branches:
Dungeon (11/15)            Temple (1/1) D:5            Lair (6/6) D:11
 Shoals (0/4) Lair:4        Snake (0/4) Lair:4        Slime (0/5) Lair:5
    Orc (1/2) D:9

Altars:
Ashenzari
Cheibriados
Dithmenos
Elyvilon
Fedhas
Gozag
Hepliaklqana
Kikubaaqudgha
Makhleb
Nemelex Xobeh
Okawaru
Qazlal
Ru
Sif Muna
Trog
Uskayaw
Vehumet
Wu Jian
Xom
Yredelemnul
Zin
The Shining One
Jiyva


Innate Abilities, Weirdness & Mutations

You are resistant to torment.
Your stone body is resilient. (AC +10)
You are immune to poison.
Your large and strong wings let you fly indefinitely.
You resist negative energy. (rN+)
You are resistant to electric shocks. (rElec)
You can survive without breathing.
You are immune to petrification.
You are immune to rotting.


Message History

* * * LOW HITPOINT WARNING * * *
You hit the ettin. You drain the ettin!
The ettin is lightly wounded.
Evoke which item? (* to show all) (? for menu, Esc to quit)
You draw a card...
It is Foxfire.
The ettin hits you with a great mace!!
* * * LOW HITPOINT WARNING * * *
The ettin barely misses you.
You swap places.
Your wyvern bites the ettin!
The wyvern bites you.
* * * LOW HITPOINT WARNING * * *
The ettin hits your wyvern with a great mace!!!
Your wyvern dies!
Your wyvern's corpse disappears in a puff of smoke!
Press: ? - help, v - describe, . - travel
Here: an ettin, wielding a great mace and a dire flail (moderately wounded, lightly drained)
The floor, spattered with blood.
There are monsters nearby!
Your wyvern bites the ettin!
Your wyvern bites the ettin.
You block the wyvern's attack. The wyvern bites you.
You die...
Your body glows with a rainbow of weird colours and disappears.

..$....#^......#
#.......##...##
##......# ....###
#......###.....#
#.......#.......##
##.............#..#
#...........# #...#
#.......#.#..l.###.....
##.....#####@ll#......
........ #.lll...#
...####.. ###C#...##
... ##. #.......# .. ..
####...## .....#
....... ##..... ##...


You could see an ettin, 2 wyverns and 4 friendly wyverns.

Vanquished Creatures
  The ghost of Htamos the Blocker, a journeyman DgFi (Lair:2)
  8 hydras
  A catoblepas (Lair:6)
  10 death yaks
  A deep troll shaman (Lair:6)
  A hell hog (Volcano)
  A two-headed ogre (D:11)
  2 lindwurms (Lair:6)
  An orc knight (Orc:1)
  An oklob plant (Lair:5)
  A cyclops (D:11)
  7 black mambas
  A centaur zombie (D:10)
  4 elephants (Lair:6)
  A molten gargoyle (Volcano)
  12 spiny frogs
  A kobold demonologist (D:7)
  2 rime drakes
  A komodo dragon (Lair:6)
  A troll (Orc:1)
  9 blink frogs (Lair:6)
  A dream sheep (Orc:1)
  3 hippogriffs
  A vampire (D:11)
  2 fire bats (Volcano)
  15 yaks
  2 basilisks
  3 steam dragons (Volcano)
  3 wargs
  4 nagas (Lair:4)
  8 water moccasins
  A hell hound (Volcano)
  6 porcupines
  2 ice beasts (D:9)
  An orc warrior (Orc:1)
  3 black bears
  A phantom (D:4)
  A necrophage (D:8)
  7 centaurs
  12 wolves
  3 ogres
  8 crocodiles
  15 bullfrogs
  2 elf zombies (Ossuary)
  A gnoll sergeant (D:7)
  2 scorpions
  5 killer bees
  2 howler monkeys
  2 lava snakes (Volcano)
  4 crimson imps
  4 hounds
  A human zombie (Ossuary)
  9 orc priests
  A centaur skeleton (D:11)
  7 orc wizards
  A bullfrog skeleton (D:11)
  Jessica (D:3)
  4 iguanas
  7 worker ants
  2 big kobold zombies (Ossuary)
  A hound zombie (Ossuary)
  3 mummies (Ossuary)
  12 adders
  3 gnolls
  A howler monkey skeleton (D:5)
  5 shadow imps
  An ooze (D:2)
  An adder skeleton (D:6)
  5 adder zombies
  3 worms
  3 dart slugs
  5 leopard geckos
  19 orcs
  7 giant cockroaches
  5 goblins
  5 hobgoblins
  12 jackals
  5 quokkas
  A ball python (D:1)
  7 bats
  5 frilled lizards
  A giant cockroach zombie (D:6)
  4 goblin zombies (Ossuary)
  A hobgoblin zombie (Ossuary)
  4 jackal zombies
  14 kobolds
  3 kobold zombies (Ossuary)
  An orc zombie (Ossuary)
  4 quokka zombies (Ossuary)
  6 rats
  3 rat zombies (Ossuary)
374 creatures vanquished.

Vanquished Creatures (collateral kills)
  Gastronok (Orc:1)
  The ghost of Dish the Destroyer, a journeyman DrCj of Vehumet (Lair:1)
  A two-headed ogre (D:8)
  A dancing weapon (Lair:2)
  2 death yaks
  A fire crab (Volcano)
  A molten gargoyle (Volcano)
  2 spiny frogs (Lair:5)
  2 komodo dragons (Lair:1)
  A troll (D:11)
  3 yaks (Lair:6)
  A hungry ghost (D:7)
  A warg (D:9)
  2 water moccasins
  A sky beast (D:8)
  7 orc warriors
  2 ice beasts
  A necrophage (D:8)
  3 ogres
  6 wolves
  2 centaurs
  A crocodile (Lair:3)
  A big kobold (D:11)
  A bullfrog (Orc:1)
  7 killer bees
  4 crimson imps
  A howler monkey (D:8)
  2 lava snakes (Volcano)
  3 hounds (D:8)
  2 orc priests
  2 jellies (D:8)
  9 orc wizards
  An iguana (D:9)
  3 worker ants (D:11)
  A gnoll (D:4)
  2 adders (D:11)
  An adder skeleton (D:4)
  A leopard gecko (D:11)
  24 orcs
  A giant cockroach (D:3)
  A hobgoblin (D:9)
  3 jackals (D:5)
  3 kobolds (D:11)
  A fungus (Lair:6)
  A plant (D:7)
118 creatures vanquished.

Vanquished Creatures (others)
  A wraith (D:11)
  An ice beast (D:11)
  2 orc warriors
  3 crimson imps
  A jelly (D:8)
  A hound (D:5)
  A bullfrog skeleton (D:11)
  2 orc priests
  4 orc wizards
  A worker ant (D:4)
  A howler monkey zombie (D:11)
  A worker ant zombie (D:11)
  A howler monkey skeleton (D:8)
  2 adders (D:8)
  A gnoll (D:7)
  A shadow imp (D:11)
  5 ball lightnings
  A leopard gecko (D:3)
  7 orcs
  A giant cockroach (D:3)
  A goblin (D:3)
  A jackal (D:5)
  A kobold (D:4)
  A bush (Lair:6)
  16 fungi (Lair:6)
  31 plants (Lair:6)
89 creatures vanquished.

Grand Total: 581 creatures vanquished

Notes
Turn   | Place    | Note
-------+----------+-------------------------------------------
     0 | D:1      | Holzbalken the Gargoyle Monk began the quest for the Orb.
     0 | D:1      | Reached XP level 1. HP: 14/14 MP: 1/1
   250 | D:1      | Reached XP level 2. HP: 19/19 MP: 2/2
   858 | D:2      | Reached skill level 4 in Maces & Flails
   858 | D:2      | Reached XP level 3. HP: 21/23 MP: 3/3
  1076 | D:2      | Reached XP level 4. HP: 27/28 MP: 4/4
  1125 | D:2      | Reached skill level 5 in Maces & Flails
  1712 | D:3      | Found a sparkling altar of Nemelex Xobeh.
  1733 | D:3      | Became a worshipper of Nemelex Xobeh the Trickster
  1733 | D:3      | Received a gift from Nemelex Xobeh
  1733 | D:3      | Reached * piety under Nemelex Xobeh
  1733 | D:3      | Received a gift from Nemelex Xobeh
  1733 | D:3      | Reached ** piety under Nemelex Xobeh
  1843 | D:3      | Noticed Jessica
  1853 | D:3      | Killed Jessica
  1853 | D:3      | Reached skill level 1 in Invocations
  1853 | D:3      | Reached XP level 5. HP: 32/32 MP: 4/6
  1908 | D:3      | Received a gift from Nemelex Xobeh
  2309 | D:4      | Noticed a phantom
  2374 | D:4      | Found a white marble altar of Elyvilon.
  2454 | D:4      | Noticed a sky beast
  2456 | D:4      | Noticed a tengu
  2456 | D:4      | a sky beast changed into a tengu
  2462 | D:4      | a tengu changed into a howler monkey
  2477 | D:4      | Reached XP level 6. HP: 33/37 MP: 6/8
  2548 | D:4      | Received a gift from Nemelex Xobeh
  2625 | D:4      | Found a blossoming altar of Fedhas.
  2701 | D:4      | Killed a phantom
  2701 | D:4      | Reached skill level 6 in Maces & Flails
  2886 | D:4      | Reached XP level 7. HP: 37/41 MP: 10/10
  2960 | D:4      | Found a deep blue altar of Sif Muna.
  2984 | D:4      | Reached skill level 5 in Invocations
  3268 | D:5      | Entered Level 5 of the Dungeon
  3657 | D:5      | Found a glowing golden altar of the Shining One.
  3791 | D:5      | Reached *** piety under Nemelex Xobeh
  3939 | D:5      | Found a staircase to the Ecumenical Temple.
  3949 | Temple   | Entered the Ecumenical Temple
  4273 | D:5      | Received a gift from Nemelex Xobeh
  4637 | D:6      | Reached XP level 8. HP: 46/46 MP: 11/13
  4740 | D:6      | Reached skill level 7 in Maces & Flails
  5045 | D:6      | Found a sand-covered staircase.
  5050 | Ossuary  | Entered an ossuary
  5498 | D:6      | Received a gift from Nemelex Xobeh
  5548 | D:6      | Reached skill level 8 in Maces & Flails
  5828 | D:6      | Reached XP level 9. HP: 49/51 MP: 15/15
  5882 | D:6      | Reached skill level 9 in Maces & Flails
  6115 | D:7      | Found a transporter.
  6121 | D:7      | Noticed a kobold demonologist
  6124 | D:7      | Reached **** piety under Nemelex Xobeh
  6124 | D:7      | Received a gift from Nemelex Xobeh
  6136 | D:7      | Found a transporter.
  6169 | D:7      | Noticed a rust devil
  6170 | D:7      | Killed a kobold demonologist
  6170 | D:7      | Reached skill level 10 in Maces & Flails
  6721 | D:7      | Received a gift from Nemelex Xobeh
  7098 | D:8      | Reached skill level 1 in Armour
  7111 | D:8      | Reached skill level 1 in Shields
  7125 | D:8      | Noticed a two-headed ogre
  7135 | D:8      | Killed a two-headed ogre
  7135 | D:8      | Reached skill level 11 in Maces & Flails
  7135 | D:8      | Reached XP level 10. HP: 20/56 MP: 16/16
  7582 | D:8      | Found an iron altar of Okawaru.
  7584 | D:8      | Found a basalt altar of Yredelemnul.
  8219 | D:9      | Found a staircase to the Orcish Mines.
  8468 | D:9      | Received a gift from Nemelex Xobeh
  9188 | D:10     | Entered Level 10 of the Dungeon
  9188 | D:10     | Received a gift from Nemelex Xobeh
  9334 | D:10     | Reached skill level 10 in Invocations
  9767 | D:10     | Reached ***** piety under Nemelex Xobeh
 10139 | D:11     | Noticed a cyclops
 10152 | D:11     | Killed a cyclops
 10152 | D:11     | Reached skill level 5 in Armour
 10152 | D:11     | Reached XP level 11. HP: 16/60 MP: 17/19
 10156 | D:11     | HP: 2/60 [warg (8)]
 10789 | D:11     | Noticed a two-headed ogre
 10936 | D:11     | Killed a two-headed ogre
 11242 | D:11     | Found a staircase to the Lair.
 11370 | D:11     | Received a gift from Nemelex Xobeh
 11450 | Lair:1   | Entered Level 1 of the Lair of Beasts
 11933 | Lair:1   | Reached skill level 12 in Maces & Flails
 12143 | Lair:1   | Found a runed door.
 12162 | Lair:1   | Noticed Dish's ghost (journeyman DrCj)
 12184 | Lair:1   | Killed Dish's ghost
 13340 | Lair:2   | Received a gift from Nemelex Xobeh
 13913 | Lair:2   | Received a gift from Nemelex Xobeh
 14189 | Lair:2   | Received a gift from Nemelex Xobeh
 14205 | Lair:2   | Identified a scroll of acquirement
 14531 | Lair:2   | Noticed a death yak
 14536 | Lair:2   | Noticed a death yak
 14539 | Lair:2   | Noticed a death yak
 14540 | Lair:2   | Noticed a death yak
 14541 | Lair:2   | Killed a death yak
 14541 | Lair:2   | Reached XP level 12. HP: 52/64 MP: 21/21
 14541 | Lair:2   | Noticed a death yak
 14550 | Lair:2   | Killed a death yak
 14552 | Lair:2   | Killed a death yak
 14559 | Lair:2   | Killed a death yak
 14559 | Lair:2   | Reached skill level 13 in Maces & Flails
 14564 | Lair:2   | Killed a death yak
 14770 | Lair:2   | Found a runed door.
 14771 | Lair:2   | Found a shimmering altar of Xom.
 14771 | Lair:2   | Noticed Htamos's ghost (journeyman DgFi)
 14830 | Lair:2   | Killed Htamos's ghost
 15544 | Lair:3   | Received a gift from Nemelex Xobeh
 15575 | Lair:3   | Found a dark tunnel.
 15585 | Volcano  | Entered a volcano
 15696 | Volcano  | Received a gift from Nemelex Xobeh
 15962 | Volcano  | Found a burning altar of Makhleb.
 15962 | Volcano  | Noticed a hell hog
 15975 | Volcano  | Killed a hell hog
 16309 | Volcano  | Reached skill level 10 in Armour
 16808 | Lair:3   | Received a gift from Nemelex Xobeh
 17142 | Lair:3   | Received a gift from Nemelex Xobeh
 17350 | Lair:4   | Reached skill level 14 in Maces & Flails
 17470 | Lair:4   | Noticed a five-headed hydra
 17480 | Lair:4   | Killed a five-headed hydra
 17715 | Lair:4   | Received a gift from Nemelex Xobeh
 17775 | Lair:4   | Found a staircase to the Snake Pit.
 17776 | Lair:4   | Found a staircase to the Shoals.
 17894 | Lair:4   | Noticed a five-headed hydra
 17902 | Lair:4   | Killed a five-headed hydra
 17902 | Lair:4   | Reached XP level 13. HP: 68/68 MP: 22/22
 18477 | Lair:4   | Reached ****** piety under Nemelex Xobeh
 18677 | Lair:4   | Received a gift from Nemelex Xobeh
 18920 | Lair:5   | Found an ornate altar of the Wu Jian Council.
 19030 | Lair:5   | You fall through a shaft!
 19030 | Lair:6   | Entered Level 6 of the Lair of Beasts
 19362 | Lair:6   | Received a gift from Nemelex Xobeh
 19686 | Lair:5   | Reached skill level 15 in Maces & Flails
 19714 | Lair:5   | Got a warped falchion
 19715 | Lair:5   | Identified the +10 falchion "Zukotz" {elec, Int+5} (You found it on level 5 of the Lair of Beasts)
 20000 | Lair:5   | Received a gift from Nemelex Xobeh
 20011 | Lair:5   | Found a staircase to the Slime Pits.
 20012 | Lair:5   | Found a viscous altar of Jiyva.
 21259 | Lair:6   | Received a gift from Nemelex Xobeh
 21338 | Lair:6   | Gained mutation: Your large and strong wings let you fly indefinitely. [Gargoyle growth]
 21338 | Lair:6   | Reached XP level 14. HP: 64/74 MP: 23/23
 21583 | Lair:6   | Reached skill level 16 in Maces & Flails
 21764 | Lair:6   | Got a smoking scimitar
 21765 | Lair:6   | Identified the +4 scimitar of Esmo {freeze, Dex+5} (You found it on level 6 of the Lair of Beasts)
 21768 | Lair:6   | Got a brightly glowing scale mail
 21779 | Lair:6   | Identified the +1 scale mail of Pantheism {*Drain *Slow rElec Int+5} (You found it on level 6 of the Lair of Beasts)
 22462 | Orc:1    | Entered Level 1 of the Orcish Mines
 22843 | Orc:1    | Received a gift from Nemelex Xobeh
 22850 | Orc:1    | Noticed Gastronok
 22873 | Orc:1    | Killed Gastronok
 22873 | Orc:1    | Reached skill level 5 in Fighting
 23144 | Orc:1    | HP: 1/78 [ettin/great mace (22)]
 23146 | Orc:1    | Slain by a wyvern

Vault maps used:
D:1:      ncdulo_smallfort, minivault_4
D:2:      first_ration, minivault_5
D:3:      nicolae_overflow_crystal_walls, uniq_jessica
D:4:      fedhas_bush_and_centaur_altar, led_sif_book, hangedman_decor_lopped,
          elyvilon_altar_1
D:5:      marbit_many_paths, minmay_temple_entry_statues_fountains,
          grunt_ministairs_15, serial_bayou_pond_b
D:6:      nicolae_ossuary_entry_ruins, minmay_a_box_with_orc_wizards_in_it
D:7:      gammafunk_wand_slinger
D:8:      cheibrodos_quashed, nicolae_overflow_hidden_temple
D:9:      erik_orc_3
D:11:     erik_lair_orcish_takeover
Temple:   nicolae_temple_elliptical
Lair:1:   statuecave_lemuel, ebering_ghost_reflecting_pool, beast_lair_carwin_6
Lair:2:   ebering_ghost_xom, grunt_megastairs_1
Lair:3:   lightli_volcano_entry_magma_tube, grunt_megastairs_2
Lair:4:   shoals_dummy_entry, minmay_snake_entry_guardpost_small
Lair:5:   slime_altar_1, lemuel_oklob_altar, lemuel_fruit_tree,
          serial_bayou_shore_b, lemuel_fruit_fields, lemuel_fruit_fields
Lair:6:   grunt_lair_end_beastmaster, serial_bayou_shore_a
Orc:1:    uniq_gastronok
Ossuary:  minmay_ossuary_two_tombs
Volcano:  volcano_lake

Skill      XL: |  1  2  3  4  5  6  7  8  9 10 11 12 13 14 |
---------------+-------------------------------------------+-----
Maces & Flails | 4 5 6 8 11 12 14 15 16 | 16.0
Invocations    | 1 3 4 6 8 9 10 12 | 12.0
Armour         | 2 5 8 11 13 14 | 14.2
Shields        | 2 4 |  4.0
Fighting       | 5 |  5.0
Dodging        | |  2.4
Stealth        | |  2.1

Action                   |  1- 3 |  4- 6 |  7- 9 | 10-12 | 13-15 || total
-------------------------+-------+-------+-------+-------+-------++-------
Melee: Mace              |   106 |    84 |       |       |       ||   190
       Flail             |       |   121 |   556 |   583 |       ||  1260
       Morningstar       |       |       |       |   245 |   422 ||   667
       Unarmed           |       |       |       |     2 |       ||     2
Invok: Triple Draw       |       |       |       |     1 |       ||     1
       Deal Four         |       |       |       |     2 |       ||     2
 Abil: Fly               |       |       |       |       |     1 ||     1
       Stop Flying       |       |       |       |       |     1 ||     1
Evoke: Deck              |       |    20 |    22 |    47 |    24 ||   113
       Lamp of fire      |       |       |       |     1 |     1 ||     2
  Use: Scroll            |       |       |     1 |    25 |     2 ||    28
       Potion            |       |       |     1 |     4 |     1 ||     6
 Stab: Petrifying        |       |       |       |     1 |       ||     1
       Distracted        |       |       |       |     1 |       ||     1
       Petrified         |       |       |       |       |     3 ||     3
  Eat: Chunk             |     1 |     5 |    14 |    14 |    10 ||    44
       Ration            |       |       |     1 |     6 |     2 ||     9
Armor: Plate armour      |   115 |   193 |   509 |   683 |   388 ||  1888
Dodge: Dodged            |    23 |    56 |   143 |   264 |   141 ||   627
Block: Buckler           |       |       |     2 |   305 |   135 ||   442

Table legend:
 A = Spawn XP
 B = Non-spawn XP
 C = Spawn XP percentage of total XP
 D = Spawn monster count
 E = Non-spawn monster count
 F = Spawn count percentage of total count
 G = Total turns spent on level
                    A         B        C        D         E        F      G
               +---------+---------+-------+---------+---------+-------+---------
         Total |       0 |   64586 |   0.0 |       0 |     526 |   0.0 | 23146
               +---------+---------+-------+---------+---------+-------+---------
           D:1 |       0 |      22 |   0.0 |       0 |      13 |   0.0 |   753
           D:2 |       0 |      93 |   0.0 |       0 |      23 |   0.0 |   842
           D:3 |       0 |      92 |   0.0 |       0 |      30 |   0.0 |   754
           D:4 |       0 |     477 |   0.0 |       0 |      21 |   0.0 |   919
           D:5 |       0 |     346 |   0.0 |       0 |      24 |   0.0 |  1076
           D:6 |       0 |    1146 |   0.0 |       0 |      33 |   0.0 |  1145
           D:7 |       0 |    1365 |   0.0 |       0 |      26 |   0.0 |  1054
           D:8 |       0 |    1887 |   0.0 |       0 |      39 |   0.0 |   705
           D:9 |       0 |     985 |   0.0 |       0 |      27 |   0.0 |  1418
          D:10 |       0 |    1401 |   0.0 |       0 |      17 |   0.0 |  1530
          D:11 |       0 |    3422 |   0.0 |       0 |      41 |   0.0 |   770
        Lair:1 |       0 |    3630 |   0.0 |       0 |      15 |   0.0 |  1893
        Lair:2 |       0 |    7596 |   0.0 |       0 |      22 |   0.0 |  2223
        Lair:3 |       0 |    1567 |   0.0 |       0 |      11 |   0.0 |   802
        Lair:4 |       0 |    9247 |   0.0 |       0 |      27 |   0.0 |  1627
        Lair:5 |       0 |    5059 |   0.0 |       0 |      17 |   0.0 |  1086
        Lair:6 |       0 |   18849 |   0.0 |       0 |      56 |   0.0 |  2354
         Orc:1 |       0 |    3854 |   0.0 |       0 |      39 |   0.0 |   684
       Ossuary |       0 |     391 |   0.0 |       0 |      31 |   0.0 |   388
       Volcano |       0 |    3157 |   0.0 |       0 |      14 |   0.0 |   958
               +---------+---------+-------+---------+---------+-------+---------
